 Dungeon Crawl Stone Soup version 0.24-a0-458-gfcb5e6da0e (webtiles) character file.

Game seed: 10326695383191086448

1948 mhoghedin the Covert (level 9, -8/82 HPs)
             Began as an Octopode Assassin on June 23, 2019.
             Was a Believer of Kikubaaqudgha.
             Killed from afar by a gargoyle (15 damage)
             ... with a stone arrow
             ... on level 7 of the Dungeon on June 27, 2019.
             The game lasted 00:17:11 (6762 turns).

mhoghedin the Covert (Octopode Assassin)            Turns: 6762, Time: 00:17:12

Health: -8/82      AC: 24    Str: 12 (15) XL:     9   Next: 18%
Magic:  23/23      EV:  2    Int: 15 (17) God:    Kikubaaqudgha [**....]
Gold:   401        SH:  0    Dex: 11 (13) Spells: 4/15 levels left

rFire    . . .     SeeInvis +   r - +1 dagger (venom)
rCold    . . .     Gourm    .   (no shield)
rNeg     + + +     Faith    .   (helmet currently unavailable)
rPois    +         Spirit   .   n - amulet of the acrobat
rElec    .         Reflect  .   k - ring of see invisible {sInv, !d}
rCorr    .         Harm     .   i - ring of protection from magic {MR+, !d}
MR       +....     Rnd*Rage +   f - ring of magical power {MP+9} Stlth +++++.....NoTele +
                                (no ring)
HPRegen  0.23/turn              (no ring)
MPRegen  0.18/turn              (no ring)
                                (no ring)
                                (no ring)

@: mighty, tree-form (expiring)
A: almost no armour, stealthy swim, (amphibious), 8 rings, (constrict 8),
berserk 1, screaming 1, no potion heal 1
a: Receive Corpses, Renounce Religion


You were on level 7 of the Dungeon.
You worshipped Kikubaaqudgha.
Kikubaaqudgha was pleased with you.
You were hungry.
You were a tree.
You visited 2 branches of the dungeon, and saw 8 of its levels.
You also visited: Ossuary.

You collected 401 gold pieces.

Inventory:

Hand Weapons
 a - a +2 dagger
 l - a +2 antimagic short sword
   (You found it on level 5 of the Dungeon)
 r - a +1 dagger of venom (weapon)
   (You took it off an orc on level 4 of the Dungeon)
Missiles
 b - 8 poisoned darts (quivered)
Jewellery
 f - a ring of magical power (on tentacle) {MP+9}
   (You found it on level 6 of the Dungeon)
 i - a ring of protection from magic (right branch) {MR+, !d}
   (You took it off an orc on level 5 of the Dungeon)
 k - a ring of see invisible (left branch) {sInv, !d}
   (You took it off an orc on level 3 of the Dungeon)
 n - an amulet of the acrobat (around neck)
   (You found it on level 4 of the Dungeon)
Wands
 j - a wand of paralysis (8)
   (You found it on level 3 of the Dungeon)
Scrolls
 c - 2 scrolls of amnesia
 e - 4 scrolls of enchant armour
 h - 3 scrolls of remove curse
 m - a scroll of teleportation {unknown}
 p - a scroll of enchant weapon
 q - a scroll of immolation {unknown}
 u - 2 scrolls of identify
 x - a scroll of blinking {!r}
 y - a scroll of magic mapping {unknown}
Potions
 g - 2 potions of magic
 o - a potion of flight
 s - a potion of lignification {!q}
Comestibles
 d - 8 rations


   Skills:
 - Level 2.5 Fighting
 - Level 2.4 Short Blades
 - Level 2.0 Throwing
 - Level 1.7 Dodging
 - Level 12.7 Stealth
 + Level 3.7 Spellcasting
 + Level 4.0 Necromancy
 + Level 4.1 Earth Magic


You had 4 spell levels left.
You knew the following spells:

 Your Spells              Type           Power        Failure   Level  Hunger
a - Borgnjor's Vile Clut  Necr/Erth      ###.......   67%         5    ######.
m - Sublimation of Blood  Necr           ###.......   5%          2    ##.....
x - Vampiric Draining     Necr           ###.......   11%         3    ###....
A - Animate Skeleton      Necr           N/A          3%          1    None

Your spell library contained the following spells:

 Spells                   Type           Power        Failure   Level  Hunger
 Pain                     Necr           ###.         3%          1    None
 Passwall                 Tmut/Erth      #.......     12%         2    ##.....
 Flame Tongue             Conj/Fire      #....        19%         1    None
 Stone Arrow              Conj/Erth      #.....       24%         3    ###....
 Ignite Poison            Fire/Tmut/Pois #.......     50%         3    ###....


Dungeon Overview and Level Annotations

Branches:
Dungeon (7/15)             Temple (1/1) D:5

Altars:
Ashenzari
Cheibriados
Dithmenos
Elyvilon
Fedhas
Gozag
Hepliaklqana
Kikubaaqudgha
Nemelex Xobeh
Okawaru
Qazlal
Ru
Sif Muna
Trog
Uskayaw
Vehumet
Wu Jian
Xom
Yredelemnul
Zin
The Shining One

Shops:
D:7 !

Annotations:
D:2 exclusion: Sigmund, Sigmund


Innate Abilities, Weirdness & Mutations

You cannot wear most types of armour.
You are very stealthy in the water. (Stealth+)
((You are amphibious.))
You can wear up to eight rings at the same time.
((You can use your tentacles to constrict eight enemies at once.))
((Your skin changes colour to match your surroundings (Stealth+).))
((Your rubbery body absorbs attacks. (AC +1, EV +1)))
You tend to lose your temper in combat.
((Your flesh is heat resistant. (rF+)))
You occasionally shout uncontrollably at your foes.
Potions are less effective at restoring your health.


Message History

You feel better. The sky beast hits you. The sky beast shocks you.
You take 9 damage, and have 46/55 hp.
It was a potion of lignification.
You turn into a tree.
Your roots penetrate the ground.
The sky beast barely misses you.
You now have 69/82 hp.
You closely miss the sky beast. The sky beast hits you.
The sky beast shocks you.
You take 7 damage, and have 62/82 hp.
You barely miss the sky beast.
The sky beast hits you but does no damage.
You hit the sky beast but do no damage.
The sky beast is poisoned.
The sky beast hits you but does no damage.
You hit the sky beast but do no damage. The sky beast hits you.
The sky beast shocks you.
You take 7 damage, and have 55/82 hp.
You closely miss the sky beast.
The sky beast hits you but does no damage.
You hit the sky beast but do no damage.
The sky beast looks as sick as possible!
The sky beast hits you but does no damage.
You closely miss the sky beast.
The sky beast hits you but does no damage.
You barely miss the sky beast. You hit the sky beast but do no damage.
The sky beast hits you but does no damage.
You hit the sky beast but do no damage.
You kill the sky beast!
Kikubaaqudgha accepts your kill.
Your Necromancy skill increases to level 4!
Your Earth Magic skill increases to level 4!
You hit the scorpion but do no damage.
The scorpion is poisoned.
The scorpion stings you.
You take 5 damage, and have 51/82 hp.
You closely miss the scorpion.
The scorpion stings you but does no damage.
You barely miss the scorpion.
The scorpion stings you but does no damage.
You hit the scorpion but do no damage.
The scorpion looks as sick as possible!
You hit the scorpion but do no damage.
The scorpion looks as sick as possible!
The scorpion stings you but does no damage.
You hit the scorpion.
You kill the scorpion!
Kikubaaqudgha accepts your kill.
You hit the gargoyle but do no damage.
The gargoyle hits you but does no damage.
Aim: a gargoyle, wielding a +0 flail (chance to defeat MR: 28%)
The gargoyle easily resists.
Aim: a gargoyle, wielding a +0 flail (chance to defeat MR: 28%)
The gargoyle easily resists.
The gargoyle hits you with a +0 flail.
You take 1 damage, and have 52/82 hp.
Aim: a gargoyle, wielding a +0 flail (chance to defeat MR: 28%)
The gargoyle easily resists.
Your transformation is almost over.
The gargoyle completely misses you.
Aim: a gargoyle, wielding a +0 flail (chance to defeat MR: 28%)
The gargoyle easily resists.
The gargoyle hurls a stone arrow at you.
The stone arrow hits you!
You take 9 damage, and have 43/82 hp.
You hit the gargoyle but do no damage. The gargoyle hits you with a +0 flail!
You take 9 damage, and have 34/82 hp.
It was a potion of might.
You feel very mighty all of a sudden.
The gargoyle hurls a stone arrow at you.
The stone arrow hits you!!
* * * LOW HITPOINT WARNING * * *
You take 33 damage, and have 1/82 hp.
MASSIVE DAMAGE!!
Unknown command.
Okay, then.
Unknown command.
Aim: a gargoyle, wielding a +0 flail You can't drain life from that!
Your system partially rejects the healing.
You feel much better. The gargoyle barely misses you.
You regained 16 hp, and now have 17/82 hp.
It was a potion of flight.
Your roots keep you in place.
The gargoyle hits you with a +0 flail.
* * * LOW HITPOINT WARNING * * *
You take 3 damage, and have 14/82 hp.
You puncture the gargoyle! You hit the gargoyle but do no damage.
The gargoyle hurls a stone arrow at you.
The stone arrow hits you.
* * * LOW HITPOINT WARNING * * *
You take 5 damage, and have 10/82 hp.
You hit the gargoyle.
The gargoyle hurls a stone arrow at you.
The stone arrow hits you.
* * * LOW HITPOINT WARNING * * *
You take 3 damage, and have 7/82 hp.
It was a potion of degeneration.
There was something very wrong with that liquid.
You feel weakened.
You feel dopey.
You feel clumsy.
The gargoyle hurls a stone arrow at you.
The stone arrow hits you!
You die...
Kikubaaqudgha rasps: "You have failed me!
Welcome... death!"

#.......#
#.......#####
#.......#
#..#........
##.......#
#.........∩<
.........#
#...........
#........#
#.####.#####
....9....#
#.####.# #
.#.##.##z##
#......# ###
...## #9#
#.###### #..
#....##♣#####.#
#.# #.........#
###..
#.##.#######
#.... ........#
####.#.#
#########
#.......
###.##.#.#
#........#
#.#.##...>
#.#.####..


You could see a gargoyle and a wight.

Vanquished Creatures
  A hippogriff (D:7)
  An ice beast (D:5)
  2 sky beasts (D:7)
  2 ogres
  Blork the orc (D:6)
  2 bullfrogs
  3 scorpions
  3 howler monkeys
  A crimson imp (D:7)
  A bullfrog zombie (D:5)
  2 jellies
  A hound (D:4)
  3 orc priests
  6 orc wizards
  3 worker ants
  2 iguanas
  6 big kobold zombies (Ossuary)
  A mummy (Ossuary)
  3 gnolls (D:5)
  6 adders
  A shadow imp (D:6)
  An ooze (D:1)
  2 adder skeletons
  A dart slug (D:1)
  3 leopard geckos
  21 orcs
  3 spectral bats (Ossuary)
  5 ball pythons
  4 bats
  A giant cockroach (D:1)
  6 gnoll zombies (Ossuary)
  8 goblins
  7 hobgoblins
  2 jackals (D:7)
  5 quokkas
  4 bat simulacra (Ossuary)
  5 frilled lizards
  4 goblin simulacra (Ossuary)
  4 goblin zombies (Ossuary)
  3 hobgoblin zombies (Ossuary)
  A jackal zombie (D:5)
  3 kobolds
  6 kobold zombies (Ossuary)
  5 orc zombies (Ossuary)
  A quokka skeleton (D:4)
  3 rats (D:1)
  5 rat simulacra (Ossuary)
  3 spectral goblins (Ossuary)
  4 spectral kobolds (Ossuary)
  4 spectral rats (Ossuary)
175 creatures vanquished.

Notes
Turn   | Place    | Note
-------+----------+-------------------------------------------
     0 | D:1      | mhoghedin the Octopode Assassin began the quest for the
                  | Orb.
     0 | D:1      | Reached XP level 1. HP: 14/14 MP: 1/1
    63 | D:1      | Reached skill level 6 in Stealth
    63 | D:1      | Reached XP level 2. HP: 19/19 MP: 2/2
   415 | D:1      | Reached XP level 3. HP: 20/24 MP: 3/3
   738 | D:2      | Reached skill level 7 in Stealth
   877 | D:2      | Noticed Sigmund
  1100 | D:3      | Reached XP level 4. HP: 28/29 MP: 4/4
  1678 | D:4      | Noticed an ogre
  1680 | D:4      | Killed an ogre
  1680 | D:4      | Reached skill level 9 in Stealth
  1680 | D:4      | Reached XP level 5. HP: 34/34 MP: 5/5
  2083 | D:4      | Reached XP level 6. HP: 37/39 MP: 6/6
  2102 | D:4      | Reached skill level 10 in Stealth
  2847 | D:3      | Upgraded the game from 0.24-a0-446-g87df7205b4 to
                  | 0.24-a0-458-gfcb5e6da0e
  2928 | D:4      | Reached skill level 11 in Stealth
  2939 | D:4      | HP: 2/39 [orc priest/divine providence (12)]
  3295 | D:4      | Reached XP level 7. HP: 39/45 MP: 7/7
  3473 | D:5      | Entered Level 5 of the Dungeon
  3703 | D:5      | Reached skill level 12 in Stealth
  3705 | D:5      | Found a staircase to the Ecumenical Temple.
  3714 | D:5      | Identified the Compendium of Earth and Ignition
  4087 | Temple   | Entered the Ecumenical Temple
  4178 | Temple   | Became a worshipper of Kikubaaqudgha
  4200 | D:6      | Reached XP level 8. HP: 50/50 MP: 8/8
  4221 | D:6      | Found a sand-covered staircase.
  4253 | Ossuary  | Entered an ossuary
  4274 | Ossuary  | Learned a level 5 spell: Borgnjor's Vile Clutch
  4333 | Ossuary  | Gained mutation: You occasionally shout uncontrollably at
                  | your foes. [potion of mutation]
  4333 | Ossuary  | Gained mutation: You tend to lose your temper in combat.
                  | [potion of mutation]
  4333 | Ossuary  | Gained mutation: Potions are less effective at restoring
                  | your health. [potion of mutation]
  4333 | Ossuary  | Gained mutation: Your flesh is heat resistant. (rF+)
                  | [potion of mutation]
  4486 | Ossuary  | Reached * piety under Kikubaaqudgha
  4486 | Ossuary  | Identified Kikubaaqudgha's Collected Works on Evil Arts
                  | (Kikubaaqudgha gifted it to you in an ossuary)
  4486 | Ossuary  | Received a gift from Kikubaaqudgha
  4492 | Ossuary  | Learned a level 1 spell: Animate Skeleton
  4751 | Ossuary  | Reached skill level 1 in Earth Magic
  4755 | Ossuary  | Reached skill level 1 in Spellcasting
  4755 | Ossuary  | Reached skill level 1 in Necromancy
  4787 | Ossuary  | Reached ** piety under Kikubaaqudgha
  5195 | D:6      | Noticed Blork the orc
  5440 | D:5      | Reached skill level 2 in Earth Magic
  5638 | D:6      | Found a sacrificial altar of Ru.
  5645 | D:6      | Reached skill level 2 in Spellcasting
  5645 | D:6      | Reached skill level 2 in Necromancy
  5775 | D:6      | Killed Blork the orc
  5835 | D:6      | Learned a level 2 spell: Sublimation of Blood
  5839 | D:6      | Learned a level 3 spell: Vampiric Draining
  5876 | D:7      | Found Zedghipsu's Distillery.
  6191 | D:7      | Found a shimmering altar of Xom.
  6204 | D:7      | Found a shimmering altar of Xom.
  6220 | D:7      | Reached skill level 3 in Necromancy
  6220 | D:7      | Reached skill level 3 in Earth Magic
  6228 | D:7      | Reached skill level 3 in Spellcasting
  6463 | D:7      | Noticed a hippogriff
  6469 | D:7      | Killed a hippogriff
  6469 | D:7      | Reached XP level 9. HP: 36/55 MP: 14/14
  6676 | D:7      | Found a shimmering altar of Xom.
  6676 | D:7      | Found a shimmering altar of Xom.
  6724 | D:7      | Noticed a gargoyle
  6743 | D:7      | Reached skill level 4 in Necromancy
  6743 | D:7      | Reached skill level 4 in Earth Magic
  6756 | D:7      | HP: 1/82 [gargoyle/stone arrow (33)]
  6761 | D:7      | HP: 7/82 [gargoyle/stone arrow (3)]
  6762 | D:7      | Killed from afar by a gargoyle

Levels and vault maps discovered:
D:1:      lemuel_arrival_river_bridge, layout_basic
D:2:      layout_loops_ring, makhleb_altar_promises_db, uniq_natasha,
          uniq_sigmund
D:3:      layout_rooms, first_ration
D:4:      layout_loops_corners
D:5:      layout_rooms, minmay_temple_entry_offerings
D:6:      layout_cave_pods, enter_ossuary_2,
          nicolae_ru_great_annihilating_truth, uniq_blork_the_orc
D:7:      layout_loops_cross, serial_shops, shop, xom_redecorated
Temple:   dpeg_three_leaves_temple

Skill      XL: |  1  2  3  4  5  6  7  8  9 |
---------------+----------------------------+-----
Stealth        | 6 7 9 11 12 | 12.7
Earth Magic    | 3 4 |  4.1
Spellcasting   | 3 |  3.7
Necromancy     | 3 4 |  4.0
Fighting       | |  2.5
Short Blades   | |  2.4
Throwing       | |  2.0
Dodging        | |  1.7

Action                   |  1- 3 |  4- 6 |  7- 9 || total
-------------------------+-------+-------+-------++-------
Melee: Dagger            |    69 |    69 |   293 ||   431
       Constrict         |    16 |    17 |    52 ||    85
       Tentacles         |     3 |    12 |    49 ||    64
Throw: Dart              |       |     9 |       ||     9
Evoke: Wand              |       |     1 |     9 ||    10
  Use: Scroll            |       |     6 |       ||     6
       Potion            |       |       |    10 ||    10
 Stab: Sleeping          |    16 |     7 |    25 ||    48
       Paralysed         |       |     1 |     3 ||     4
       Distracted        |       |       |     4 ||     4
  Eat: Chunk             |       |     3 |     1 ||     4
       Ration            |       |     2 |     2 ||     4
Armor: Skin              |     3 |     1 |    25 ||    29
Dodge: Dodged            |    29 |    40 |   160 ||   229

Table legend:
 A = Non-vault XP
 B = Vault XP
 C = Vault XP percentage of total XP
 D = Non-vault monster count
 E = Vault monster count
 F = Vault count percentage of total count
                 A         B        C        D         E       F
            +---------+---------+-------+---------+---------+-------
      Total |    2405 |     379 |  13.6 |     112 |      63 |  36.0
            +---------+---------+-------+---------+---------+-------
        D:1 |      38 |       0 |   0.0 |      19 |       0 |   0.0
        D:2 |      36 |       0 |   0.0 |      14 |       0 |   0.0
        D:3 |      68 |       0 |   0.0 |      11 |       0 |   0.0
        D:4 |     543 |       0 |   0.0 |      25 |       0 |   0.0
        D:5 |     491 |       0 |   0.0 |      20 |       0 |   0.0
        D:6 |     300 |     147 |  32.9 |       8 |       5 |  38.5
        D:7 |     929 |       0 |   0.0 |      15 |       0 |   0.0
    Ossuary |       0 |     232 | 100.0 |       0 |      58 | 100.0
            +---------+---------+-------+---------+---------+-------

Levels and vault maps discovered:
D:1:      lemuel_arrival_river_bridge, layout_basic
D:2:      layout_loops_ring, makhleb_altar_promises_db, uniq_natasha,
          uniq_sigmund
D:3:      layout_rooms, first_ration
D:4:      layout_loops_corners
D:5:      layout_rooms, minmay_temple_entry_offerings
D:6:      layout_cave_pods, enter_ossuary_2,
          nicolae_ru_great_annihilating_truth, uniq_blork_the_orc
D:7:      layout_loops_cross, serial_shops, shop, xom_redecorated
Temple:   dpeg_three_leaves_temple

Table legend:
 A = Turns spent in this place as a percentage of turns spent in the entire game.
 B = Non-inter-level travel turns spent in this place as a percentage of non-inter-level travel turns spent in the entire game.
 C = Inter-level travel turns spent in this place as a percentage of turns spent in this place.
 D = Turns resting spent in this place as a percentage of non-inter-level travel turns spent in this place.
 E = Turns spent auto-exploring this place as a percentage of non-inter-level travel turns spent in this place.
 F = Non-inter-level travel turns spent in this place divided by the number of levels of this place that you've seen.
                   A       B       C       D       E      F
               +-------+-------+-------+-------+-------+----------------------
         Total | 100.0 | 100.0 |   3.6 |  32.7 |  47.5 | 724.4
       Dungeon |  88.3 |  88.0 |   3.9 |  34.2 |  49.1 | 819.9
        Temple |   1.5 |   1.4 |   9.0 |   0.0 |  71.4 |  91.0
       Ossuary |  10.2 |  10.6 |   0.0 |  24.9 |  31.6 | 690.0
               +-------+-------+-------+-------+-------+----------------------

Table legend:
 A = Kills in this place as a percentage of kills in entire the game.
 B = Kills by you in this place as a percentage of kills by you in the entire game.
 C = Kills by friends in this place as a percentage of kills by friends in the entire game.
 D = Other kills in this place as a percentage of other kills in the entire game.
 E = Experience gained in this place as a percentage of experience gained in the entire game.
 F = Experience gained in this place divided by the number of levels of this place that you have seen.
                   A       B       C       D       E      F
               +-------+-------+-------+-------+-------+----------------------
         Total | 100.0 | 100.0 |   N/A |   N/A | 100.0 | 309.3
       Dungeon |  66.9 |  66.9 |   N/A |   N/A |  91.7 | 364.6
       Ossuary |  33.1 |  33.1 |   N/A |   N/A |   8.3 | 232.0
               +-------+-------+-------+-------+-------+----------------------
